 Dungeon Crawl Stone Soup version 0.16.2-12-gd0ad4c3 (webtiles) character file.

4280 faibistes the Thaumaturge (level 10, -4/54 HPs)
             Began as a Deep Elf Wizard on May 19, 2018.
             Was an Elder of Sif Muna.
             Killed from afar by a gargoyle (27 damage)
             ... with a stone arrow
             ... on level 9 of the Dungeon on May 25, 2018.
             The game lasted 00:34:24 (12285 turns).

faibistes the Thaumaturge (Deep Elf Wizard)        Turns: 12285, Time: 00:34:24

Health: -4/54      AC:  6    Str:  4    XL:     10   Next: 10%
Magic:  23/31      EV: 15    Int: 27    God:    Sif Muna [****..]
Gold:   318        SH:  0    Dex: 13    Spells: 8 memorised, 11 levels left

rFire  . . .     SeeInvis .     w - +3 dagger (elec)
rCold  . . .     Clarity  .     a - +0 robe
rNeg   . . .     SustAb   .     (no shield)
rPois  .         Gourm    .     b - +0 hat
rElec  .         Spirit   .     q - +1 cloak
rCorr  .         Warding  .     l - +1 pair of gloves
rMut   .         Stasis   .     (no boots)
MR     +....                    (no amulet)
Stlth  ++........               (no ring)
                                (no ring)

@: repel missiles, somewhat resistant to hostile enchantments, unstealthy
A: no striking features
a: Channel Energy, Forget Spell, Renounce Religion


You were on level 9 of the Dungeon.
You worshipped Sif Muna.
Sif Muna was greatly pleased with you.
You were not hungry.

You visited 2 branches of the dungeon, and saw 11 of its levels.

You collected 678 gold pieces.
You spent 360 gold pieces at shops.

Inventory:

Hand weapons
 j - a +0 dagger
 w - a +3 dagger of electrocution (weapon)
 C - a +2 dagger of electrocution
Armour
 a - a +0 robe (worn)
 b - a +0 hat (worn)
 l - a +1 pair of gloves (worn)
 q - a +1 cloak (worn)
Jewellery
 p - an uncursed amulet of stasis
Magical devices
 x - a wand of lightning (8)
 z - a wand of random effects (10)
 E - a wand of polymorph (0)
 I - a wand of random effects (25)
Scrolls
 e - 6 scrolls of remove curse
 k - 5 scrolls of teleportation
 t - 2 scrolls of amnesia
 u - a scroll of fog
 v - 2 scrolls of magic mapping
Potions
 f - 2 potions of might
 g - 7 potions of curing
 h - 2 potions of magic
 i - 2 potions of heal wounds
 m - 2 potions of agility
 o - a potion of haste
 s - 4 potions of resistance
 B - 4 potions of ambrosia
 F - a potion of invisibility {unknown}
 H - a potion of restore abilities {unknown}
Books
 c - a book of Minor Magic

   Spells                             Type                      Level
   a - Magic Dart                     Conjuration                  1
   b - Blink                          Translocation                2
   c - Call Imp                       Summoning                    2
   d - Repel Missiles                 Charms/Air                   2
   e - Slow                           Hexes                        2
   f - Conjure Flame                  Conjuration/Fire             3
   g - Mephitic Cloud                 Conjuration/Poison/Air       3
 y - a book of Necromancy

   Spells                             Type                      Level
   a - Pain                           Necromancy                   1
   b - Animate Skeleton               Necromancy                   1
   c - Vampiric Draining              Necromancy                   3
   d - Regeneration                   Charms/Necromancy            3
   e - Animate Dead                   Necromancy                   4
   f - Control Undead                 Necromancy                   4
Comestibles
 d - 9 bread rations
 n - 3 meat rations
 r - 2 slices of pizza
 A - 5 fruits
 D - a beef jerky
 G - a royal jelly


   Skills:
 + Level 2.3 Fighting
 + Level 6.4 Dodging
 - Level 2.4 Stealth
 * Level 10.1 Spellcasting
 + Level 6.4 Conjurations
 + Level 2.7 Charms
 - Level 4.1 Summonings
 - Level 4.3 Necromancy
 + Level 3.8 Translocations
 * Level 4.0 Fire Magic
 - Level 3.4 Air Magic
 - Level 2.9 Poison Magic
 * Level 2.9 Invocations
 + Level 1.9 Evocations


You had 11 spell levels left.
You knew the following spells:

 Your Spells              Type           Power        Failure   Level  Hunger
a - Magic Dart            Conj           ####         1%          1    None
b - Conjure Flame         Conj/Fire      #####...     1%          3    None
c - Call Imp              Summ           #####...     1%          2    None
d - Blink                 Tloc           N/A          1%          2    None
e - Mephitic Cloud        Conj/Pois/Air  #####...     2%          3    None
f - Repel Missiles        Chrm/Air       ####..       1%          2    None
g - Animate Skeleton      Necr           N/A          1%          1    None
h - Animate Dead          Necr           N/A          10%         4    None


Dungeon Overview and Level Annotations

Branches:
Dungeon (10/15)            Temple (1/1) D:5            Lair (0/8) D:9
    Orc (0/4) D:9

Altars:
Ashenzari
Cheibriados
Dithmenos
Elyvilon
Fedhas
Gozag
Kikubaaqudgha
Makhleb
Nemelex Xobeh
Okawaru
Qazlal
Ru
Sif Muna
Trog
Vehumet
Xom
Yredelemnul
Zin
The Shining One

Shops:
D:6 :


Message History

Unknown command.
Casting: Blink
Confirm with . or Enter, or press ? or * to list all spells.
You blink.
The gargoyle hurls a stone arrow at you.
The stone arrow is repelled.
Your steam dragon zombie bites the gargoyle but does no damage.
Your steam dragon zombie barely misses the gargoyle.
Evoke which item? (* to show all) (? for menu, Esc to quit)
Zapping:
E - a wand of polymorph {zapped: 3} (will waste charges)
Press: ? - help, Shift-Dir - straight line, f - gargoyle
Aim: a gargoyle, wielding a mace (chance 32%) Nothing appears to happen.
Evoke which item? (* to show all) (? for menu, Esc to quit)
Okay, then.
Unknown command.
The gargoyle hurls a stone arrow at you.
The stone arrow hits you!
Ouch! That really hurt!
You die...

# #..# #...(...# #..##..# #. #
. #.......# #...Z..# #. #
#..[....# #.###..# #. #
#####.......# #.# #..# #
..............# #.# #..# #
#..............# #.# #..# #
#..............# #)# #..# #
#..#####.......# #.# #..#
####..# #..>..@.####.# #..#
......# #............# ..#
......# #.........9.ยง###..#
......# #..........Z......#
###...# #.................# #
#...# #.................#### #
#...#####...........).........
#
#.....Z.......................
#
#.....>........................


You could see a gargoyle and a friendly steam dragon zombie.

Vanquished Creatures
  Maurice (D:8)
  A basilisk (D:9)
  Eustachio (D:5)
  A steam dragon (D:9)
  Edmund (D:8)
  A water moccasin (D:10)
  2 sky beasts
  An ogre (D:8)
  A black bear (D:6)
  2 orc warriors
  A centaur (D:7)
  2 phantoms
  Duvessa (D:9)
  5 giant frogs
  4 scorpions
  10 wights (D:8)
  A quasit (D:8)
  Dowan (D:9)
  2 crimson imps
  3 electric eels (D:10)
  3 goliath beetles
  5 hounds
  A centaur skeleton (D:8)
  8 orc wizards
  A giant frog skeleton (D:9)
  3 orc priests
  An iguana (D:8)
  5 worker ants
  A hound zombie (D:8)
  A mummy (D:6)
  17 adders
  4 gnolls
  An elf skeleton (D:9)
  2 shadow imps
  3 worms
  2 adder zombies
  4 giant geckos
  2 oozes
  26 orcs
  A bat skeleton (D:7)
  15 goblins
  12 hobgoblins
  3 quokkas
  3 ball pythons
  12 bats
  14 giant cockroaches
  A giant gecko skeleton (D:4)
  A giant gecko zombie (D:5)
  9 giant newts
  A jackal skeleton (D:3)
  13 kobolds
  An orc skeleton (D:8)
  27 rats
245 creatures vanquished.

Vanquished Creatures (collateral kills)
  A wasp (D:9)
  An electric eel (D:10)
  An orc priest (D:8)
  An orc wizard (D:8)
  A giant mite (D:1)
  An ooze (D:1)
  5 orcs
  2 bats (D:9)
  A giant newt (D:7)
  A kobold (D:7)
15 creatures vanquished.

Vanquished Creatures (others)
  A wasp zombie (D:9)
  A giant frog skeleton (D:8)
  An ogre skeleton (D:8)
  A worker ant zombie (D:8)
  A white imp (D:3)
  A goliath beetle zombie (D:8)
  An adder skeleton (D:8)
  A giant cockroach (D:3)
  A giant gecko skeleton (D:7)
  A kobold zombie (D:10)
  4 orc skeletons
  A quokka skeleton (D:8)
15 creatures vanquished.

Grand Total: 275 creatures vanquished

Notes
Turn   | Place    | Note
--------------------------------------------------------------
     0 | D:1      | faibistes, the Deep Elf Wizard, began the quest for the Orb.
     0 | D:1      | Reached XP level 1. HP: 10/10 MP: 6/6
   371 | D:2      | Reached XP level 2. HP: 13/15 MP: 4/9
   377 | D:2      | Learned a level 2 spell: Blink
   380 | D:2      | Learned a level 2 spell: Call Imp
  1843 | D:1      | Reached XP level 3. HP: 19/19 MP: 11/13
  1849 | D:1      | Learned a level 3 spell: Conjure Flame
  1853 | D:1      | Learned a level 3 spell: Mephitic Cloud
  2308 | D:1      | Reached skill level 5 in Spellcasting
  2685 | D:2      | Reached XP level 4. HP: 24/24 MP: 13/17
  2715 | D:2      | Learned a level 2 spell: Repel Missiles
  3914 | D:3      | Noticed an orc priest
  3954 | D:3      | Killed an orc priest
  3954 | D:3      | Reached XP level 5. HP: 14/28 MP: 0/20
  4113 | D:5      | Entered Level 5 of the Dungeon
  4138 | D:4      | Reached skill level 6 in Spellcasting
  4705 | D:3      | Reached XP level 6. HP: 32/32 MP: 13/22
  4810 | D:3      | Found a shattered altar of Ashenzari.
  4810 | D:3      | Found a glowing golden altar of the Shining One.
  5490 | D:6      | Found a glowing silver altar of Zin.
  5493 | D:6      | Noticed an angel
  5495 | D:6      | Found a shimmering altar of Xom.
  5526 | D:6      | Reached skill level 7 in Spellcasting
  5849 | D:4      | Noticed a scorpion
  5855 | D:4      | Killed a scorpion
  5980 | D:4      | Reached skill level 1 in Fighting
  5980 | D:4      | Reached XP level 7. HP: 36/38 MP: 19/25
  6646 | D:5      | Noticed Eustachio
  6653 | D:5      | Killed Eustachio
  6653 | D:5      | Reached skill level 5 in Dodging
  6653 | D:5      | Reached skill level 8 in Spellcasting
  6753 | D:5      | Found a staircase to the Ecumenical Temple.
  6770 | Temple   | Entered the Ecumenical Temple
  6892 | Temple   | Became a worshipper of Sif Muna the Loreminder
  7146 | D:5      | Found a white marble altar of Elyvilon.
  7456 | D:6      | Reached skill level 1 in Fire Magic
  7456 | D:6      | Reached skill level 1 in Air Magic
  7595 | D:6      | Reached XP level 8. HP: 44/44 MP: 13/27
  7599 | D:6      | HP: 2/44 [orc warrior/battleaxe (16)]
  7611 | D:6      | Acquired Sif Muna's first power
  7960 | D:6      | Found Nuqotz's Book Shoppe.
  7976 | D:6      | Bought a book of Necromancy for 360 gold pieces
  7978 | D:6      | Learned a level 1 spell: Animate Skeleton
  8177 | D:6      | Reached skill level 1 in Poison Magic
  8400 | D:7      | Reached skill level 1 in Necromancy
  8596 | D:6      | Reached skill level 5 in Conjurations
  8697 | D:6      | You fall through a shaft!
  8698 | D:7      | Found a basalt altar of Yredelemnul.
  8750 | D:7      | Acquired Sif Muna's second power
  8799 | D:8      | Noticed Edmund
  8817 | D:8      | Killed Edmund
  8917 | D:8      | Reached skill level 9 in Spellcasting
  9031 | D:8      | Reached XP level 9. HP: 48/48 MP: 14/29
  9038 | D:8      | Learned a level 4 spell: Animate Dead
  9103 | D:9      | Noticed Dowan
  9105 | D:9      | Noticed Duvessa
  9120 | D:9      | Killed Duvessa
  9138 | D:9      | Killed Dowan
 10053 | D:8      | Noticed Maurice
 10084 | D:8      | Killed Maurice
 10084 | D:8      | Reached skill level 1 in Charms
 10084 | D:8      | Reached skill level 1 in Invocations
 10524 | D:8      | Reached skill level 1 in Evocations
 10728 | D:9      | Acquired Sif Muna's third power
 10728 | D:9      | Reached skill level 10 in Spellcasting
 10928 | D:8      | Found an opulent altar of Gozag.
 10933 | D:8      | Found a blossoming altar of Fedhas.
 11643 | D:9      | Found a staircase to the Lair.
 11650 | D:9      | Reached XP level 10. HP: 40/53 MP: 26/31
 11731 | D:10     | Entered Level 10 of the Dungeon
 11776 | D:9      | Found a staircase to the Orcish Mines.
 12277 | D:9      | Your ally Duvessa died
 12285 | D:9      | Killed from afar by a gargoyle

Action                   |  1- 3 |  4- 6 |  7- 9 | 10-12 || total
-------------------------+-------+-------+-------+-------++-------
Melee: Dagger            |     1 |    19 |    86 |    11 ||   117
 Cast: Magic Dart        |    97 |   169 |   374 |    30 ||   670
       Call Imp          |     3 |     2 |     1 |       ||     6
       Mephitic Cloud    |       |     9 |    28 |     8 ||    45
       Conjure Flame     |       |     8 |    29 |     4 ||    41
       Repel Missiles    |       |     2 |       |       ||     2
       Blink             |       |       |     7 |     1 ||     8
       Animate Skeleton  |       |       |    20 |     1 ||    21
       Animate Dead      |       |       |     3 |     3 ||     6
Invok: Channel Energy    |       |       |    33 |       ||    33
Evoke: Wand              |       |       |     7 |       ||     7
  Use: Scroll            |       |     6 |    16 |       ||    22
       Potion            |       |       |     1 |       ||     1
 Stab: Sleeping          |     1 |     2 |     5 |       ||     8
       Confused          |       |     7 |     8 |     1 ||    16
  Eat: Chunk             |     5 |    10 |    22 |     2 ||    39
